 Dungeon Crawl Stone Soup version 0.24-a0-537-g2d01d4ab0a (webtiles) character file.

Game seed: 3594121567462088152

518 DasRunzen the Chopper (level 7, -6/61 HPs)
             Began as a Hill Orc Chaos Knight on Aug 13, 2019.
             Was a Plaything of Xom.
             Mangled by a mummy (17 damage)
             ... in an ossuary.
             The game lasted 00:09:23 (3945 turns).

DasRunzen the Chopper (Hill Orc Chaos Knight)       Turns: 3945, Time: 00:09:24

Health: -6/61      AC:  6    Str: 17    XL:     7   Next: 21%
Magic:  7/7        EV: 12    Int: 12    God:    Xom [....*.]
Gold:   173        SH:  4    Dex: 12    Spells: 6/6 levels left

rFire    + . .     SeeInvis .   a - +0 hand axe (chaos)
rCold    . . .     Gourm    .   j - +0 buckler
rNeg     . . .     Faith    .   b - +3 leather armour
rPois    .         Spirit   .   (no helmet)
rElec    .         Reflect  .   (no cloak)
rCorr    .         Harm     .   (no gloves)
MR       .....                  (no boots)
Stlth    ..........             (no amulet)
HPRegen  0.20/turn              p - ring of attention (curse)
MPRegen  0.10/turn              (no ring)

@: no status effects
A: talons 1, agile 1, fire resistance 1, high mp 1, mutation resistance 1, no
potion heal 1
a: Renounce Religion


You were in an ossuary.
You worshipped Xom.
You were a beloved toy of Xom.
You were not hungry.

You visited 1 branch of the dungeon, and saw 5 of its levels.
You also visited: Ossuary.

You collected 173 gold pieces.

Inventory:

Hand Weapons
 a - a +0 hand axe of chaos (weapon)
Armour
 b - a +3 leather armour (worn)
 j - a +0 buckler (worn)
Jewellery
 p - a cursed ring of attention (left hand)
Wands
 g - a wand of disintegration (23)
Scrolls
 f - 5 scrolls of identify
 i - 3 scrolls of teleportation
 o - 4 scrolls of remove curse
Potions
 d - a potion of lignification
 e - 2 potions of resistance
 h - 2 potions of curing
 k - a potion of haste
 l - 3 potions of agility
 m - a potion of heal wounds
 n - a potion of flight {unknown}
Comestibles
 c - 7 rations


   Skills:
 + Level 5.4 Fighting
 + Level 5.9 Axes
 + Level 4.1 Armour
 + Level 2.8 Dodging
 + Level 2.9 Shields


You had 6 spell levels left.
You didn't know any spells.
Your spell library was empty.

Dungeon Overview and Level Annotations

Branches:
Dungeon (5/15)             Temple (0/1) D:4

Altars:
Sif Muna
Uskayaw
Xom


Innate Abilities, Weirdness & Mutations

You have sharp toenails.
You are agile. (Dex +2)
Your flesh is heat resistant. (rF+)
You have an increased reservoir of magic. (+10% MP)
You are somewhat resistant to further mutation.
Potions are less effective at restoring your health.


Message History

The mummy closely misses you. You block the gnoll zombie's attack.
You hit the gnoll zombie. You burn the gnoll zombie. You claw the gnoll zombie.
The gnoll zombie is moderately damaged.
You barely miss the mummy. The mummy closely misses you.
The gnoll zombie hits you.
* * * LOW HITPOINT WARNING * * *
Unknown command.
You hit the mummy but do no damage. You claw the mummy.
The mummy is moderately damaged.
You hit the gnoll zombie but do no damage.
The gnoll zombie is moving more slowly.
You block the mummy's attack.
Unknown command.
You hit the gnoll zombie.
You claw the gnoll zombie, but do no damage.
The gnoll zombie is heavily damaged.
You hit the scorpion. You hit the mummy. You burn the mummy.
The gnoll zombie hits you but does no damage.
The mummy hits you!
You die...
Xom bursts into laughter!

#############
#...#...#...#
+...8...'...# #...sZM.#
#+###########8..@8###+##
!..#...#...#b..bb..#..?#
..?#...8...#...8.b.#?.!#
.!M#.......#...#...#M"!#
#####8...8###'##########
^^^#.......#^^^#...#^^^#
^^^'...8...#^^^'...'^^^#
^^^#...#...#^^^#...#^^^#
#'#######'###########'##


You could see a mummy, a scorpion and a gnoll zombie (petrifying).

Vanquished Creatures
  4 scorpions (Ossuary)
  2 human zombies (Ossuary)
  3 big kobold zombies (Ossuary)
  A worker ant zombie (D:5)
  A mummy (Ossuary)
  A gnoll (D:4)
  5 adders
  2 scorpion zombies (Ossuary)
  An adder skeleton (D:4)
  4 worms
  3 dart slugs
  3 leopard geckos
  5 giant cockroaches
  4 gnoll zombies (Ossuary)
  A goblin (D:2)
  9 hobgoblins
  4 jackals (D:1)
  2 quokkas
  6 ball pythons
  10 bats
  2 frilled lizards (D:2)
  2 goblin zombies (Ossuary)
  A hobgoblin zombie (Ossuary)
  10 kobolds
  A kobold zombie (Ossuary)
  2 quokka skeletons
  8 rats
97 creatures vanquished.

Vanquished Creatures (others)
  A human zombie (Ossuary)
1 creature vanquished.

Grand Total: 98 creatures vanquished

Notes
Turn   | Place    | Note
-------+----------+-------------------------------------------
     0 | D:1      | DasRunzen the Hill Orc Chaos Knight began the quest for the
                  | Orb.
     0 | D:1      | Reached XP level 1. HP: 19/19 MP: 1/1
   100 | D:1      | Reached skill level 1 in Dodging
   128 | D:1      | Reached XP level 2. HP: 9/27 MP: 2/2
   512 | D:1      | Reached XP level 3. HP: 32/33 MP: 3/3
   658 | D:1      | XOM: harmless Erth miscast
   671 | D:1      | XOM: divination: detect creatures
   775 | D:1      | XOM: harmless Conj miscast
  1113 | D:1      | Gained mutation: You are weak. (Str -2) [potion of
                  | mutation]
  1113 | D:1      | Gained mutation: You are agile. (Dex +2) [potion of
                  | mutation]
  1113 | D:1      | Gained mutation: You are robust. (+10% HP) [potion of
                  | mutation]
  1114 | D:1      | Lost mutation: You are agile. (Dex +2) [potion of mutation]
  1114 | D:1      | Lost mutation: You are robust. (+10% HP) [potion of
                  | mutation]
  1114 | D:1      | Lost mutation: You are weak. (Str -2) [potion of mutation]
  1114 | D:1      | Gained mutation: Potions are less effective at restoring
                  | your health. [potion of mutation]
  1114 | D:1      | Gained mutation: You are somewhat resistant to further
                  | mutation. [potion of mutation]
  1114 | D:1      | Gained mutation: You are agile. (Dex +2) [potion of
                  | mutation]
  1185 | D:2      | XOM: divination: magic mapping
  1450 | D:2      | Reached XP level 4. HP: 22/40 MP: 4/4
  1547 | D:2      | Found a shimmering blue altar of Sif Muna.
  1916 | D:2      | XOM: confusion (+ monsters)
  1962 | D:2      | Reached skill level 1 in Shields
  2734 | D:3      | Reached XP level 5. HP: 47/47 MP: 5/5
  2742 | D:3      | Reached skill level 5 in Axes
  3008 | D:3      | XOM: mild Fire miscast
  3117 | D:4      | XOM: polymorph worker ant -> gnoll
  3122 | D:4      | XOM: scenery: create altars
  3144 | D:4      | XOM: harmless Fire miscast
  3186 | D:4      | You fall into a shaft and drop 1 floor!
  3186 | D:5      | Entered Level 5 of the Dungeon
  3240 | D:4      | Noticed an ogre
  3247 | D:4      | XOM: harmless Air miscast
  3249 | D:4      | Found a staircase to the Ecumenical Temple.
  3249 | D:4      | XOM: 1-stop teleportation journey
  3272 | D:4      | Noticed a +0 dagger
  3273 | D:4      | Noticed a +0 hand axe
  3275 | D:4      | Found a hide-covered altar of Uskayaw.
  3292 | D:4      | Found a sand-covered staircase.
  3300 | Ossuary  | Entered an ossuary
  3545 | Ossuary  | XOM: give mutations
  3545 | Ossuary  | Gained mutation: Your flesh is heat resistant. (rF+) [Xom's
                  | grace]
  3545 | Ossuary  | Gained mutation: You have sharp toenails. [Xom's grace]
  3545 | Ossuary  | Gained mutation: You have an increased reservoir of magic.
                  | (+10% MP) [Xom's grace]
  3568 | Ossuary  | Reached XP level 6. HP: 30/55 MP: 6/6
  3780 | Ossuary  | Reached skill level 5 in Fighting
  3796 | Ossuary  | XOM: divine lightning
  3816 | Ossuary  | Reached XP level 7. HP: 45/61 MP: 7/7
  3936 | Ossuary  | XOM: butterfly on damage
  3945 | Ossuary  | Mangled by a mummy

Levels and vault maps discovered:
D:1:      evilmike_arrival_grusome_pit, layout_basic, minmay_pentomino_o2
D:2:      layout_loops_ring, marbit_many_paths, first_ration
D:3:      layout_basic, minmay_shallow_snake_nest
D:4:      layout_cave_pods, nicolae_overflow_hidden_temple,
          dancing_weapons_uskayaw, minmay_temple_entry_stoned_glass,
          chequers_ossuary_entry_cave, gammafunk_ghost_split,
          minmay_misc_feat_roman, chequers_big_river
D:5:      layout_gridville, kennysheep_little_box
Ossuary:  ossuary_minmay_scorpions

Skill      XL: |  1  2  3  4  5  6 |
---------------+-------------------+-----
Dodging        | 1 2 |  2.8
Fighting       | 4 5 |  5.4
Shields        | 1 2 |  2.9
Armour         | 3 4 |  4.1
Axes           | 5 |  5.9

Action                   |  1- 3 |  4- 6 |  7- 9 || total
-------------------------+-------+-------+-------++-------
Melee: Hand axe          |   111 |   192 |    36 ||   339
       Kick              |       |    13 |    14 ||    27
  Use: Scroll            |     7 |     6 |       ||    13
       Potion            |     2 |       |       ||     2
 Stab: Confused          |     2 |     1 |       ||     3
       Paralysed         |       |     3 |     2 ||     5
       Petrifying        |       |     1 |       ||     1
       Petrified         |       |     2 |       ||     2
  Eat: Chunk             |     2 |     5 |       ||     7
       Ration            |       |     1 |       ||     1
Armor: Leather armour    |    37 |    50 |    12 ||    99
Dodge: Dodged            |    80 |    88 |    12 ||   180
Block: Buckler           |    13 |    19 |     9 ||    41

Table legend:
 A = Non-vault XP
 B = Vault XP
 C = Vault XP percentage of total XP
 D = Non-vault monster count
 E = Vault monster count
 F = Vault count percentage of total count
                 A         B        C        D         E       F
            +---------+---------+-------+---------+---------+-------
      Total |     208 |     532 |  71.9 |      69 |      29 |  29.6
            +---------+---------+-------+---------+---------+-------
        D:1 |      40 |       3 |   7.0 |      23 |       2 |   8.0
        D:2 |      60 |       2 |   3.2 |      20 |       1 |   4.8
        D:3 |      67 |      18 |  21.2 |      20 |       5 |  20.0
        D:4 |      23 |       0 |   0.0 |       4 |       0 |   0.0
        D:5 |      18 |       0 |   0.0 |       2 |       0 |   0.0
    Ossuary |       0 |     509 | 100.0 |       0 |      21 | 100.0
            +---------+---------+-------+---------+---------+-------
